Cogmind - Beta 9 @@@ ROGUE MODE // 2019.10.19 @ 22:45:31 Player: muxecoid Result: Destroyed by H-55 Commando via exploding Plasma Injector Performance ------------- Evolutions (1) 500 Regions Visited (5) 1000 Robots Destroyed (5) 25 Value Destroyed (40) 40 Prototype IDs (0) 0 Alien Tech Used (0) 0 Bonus (200) 200 TOTAL SCORE: 1765 Bonus ------- Pacifist 200 Cogmind --------- Core Integrity 0/400 Matter 275/300 Energy 100/100 System Corruption 5% Temperature Cool (12) Location -8/Mines Parts ------- Power (1) Propulsion (2) Utility (4) Weapon (2) Inventory (4) Ion Engine Large Storage Unit Peak State ------------ Power (None) Propulsion (None) Utility Targeting Computer Weapon Missile Launcher Inventory Ion Engine Large Storage Unit [Rating: 4] Favorites ----------- Power None Propulsion None Utility Targeting Computer Processor Targeting Computer Weapon Light Assault Rifle Energy Gun Small Laser Ballistic Gun Light Assault Rifle Launcher Missile Launcher Build | -11 -10 -9 -9 -9 -8 ------- Run | Scr Mat Mat Min Exi Min Slots Evolved 2 | . . 2 . . . Power . | . . . . . . Propulsion . | . . . . . . Utility 2 | . . 2 . . . Weapon . | . . . . . . Parts Attached 7 | 2 . 2 . . 3 Power . | . . . . . . Engine . | . . . . . . Core . | . . . . . . Reactor . | . . . . . . Propulsion . | . . . . . . Treads . | . . . . . . Leg . | . . . . . . Wheel . | . . . . . . Hover . | . . . . . . Flight . | . . . . . . Utility 1 | . . . . . 1 Device . | . . . . . . Storage . | . . . . . . Processor 1 | . . . . . 1 Hackware . | . . . . . . Protection . | . . . . . . Artifact . | . . . . . . Weapon 6 | 2 . 2 . . 2 Energy Gun 1 | 1 . . . . . Energy Cannon . | . . . . . . Ballistic Gun 3 | 1 . 2 . . . Ballistic Cannon . | . . . . . . Launcher 2 | . . . . . 2 Special Weapon . | . . . . . . Impact Weapon . | . . . . . . Slashing Weapon . | . . . . . . Piercing Weapon . | . . . . . . Special Melee Weapon . | . . . . . . Unidentified Prototypes . | . . . . . . Parts Lost 6 | . . 2 2 . 2 Power . | . . . . . . Propulsion . | . . . . . . Utility 1 | . . . . . 1 Weapon 5 | . . 2 2 . 1 Highest Loss Streak 2 | . . 2 2 . 2 Average Slot Usage (%) 12 | . 28 22 13 . 11 Processor 3 | . . . . . 9 Energy Gun 2 | . 14 11 . . . Ballistic Gun 5 | . 14 11 13 . . Naked Turns 123 | . . 1 26 66 30 Heaviest Build 6 | 2 2 2 2 . 6 Greatest Support 3 | 3 3 3 3 3 3 Greatest Overweight (x) 1 | . . . . . 1 Average Overweight (x) . | . . . . . . Largest Inventory Capacity 4 | 4 4 4 4 4 4 Average Capacity 4 | 4 4 4 4 4 4 Most Carried 4 | 1 3 4 2 2 3 Average Carried 2 | . 1 3 2 2 2 Final Capacity 4 | . . . . . 4 Final Carried 2 | . . . . . 2 Class Distribution -------------------- 100% | Mutant Dominant Class ---------------- Mutant | -10/Materials Mutant | -9/Materials Mutant | -9/Mines Mutant | -9/Exiles Mutant | -8/Mines Resources | -11 -10 -9 -9 -9 -8 ----------- Run | Scr Mat Mat Min Exi Min Matter Collected 277 | 220 . . 23 . 34 Remotely . | . . . . . . Salvage Created 44 | . . . 32 . 12 Parts 2 | . . . . . 2 Haulers Intercepted . | . . . . . . Recyclers Shooed . | . . . . . . Parts Field Recycled . | . . . . . . Retrieved Matter . | . . . . . . Parts Self-Destructed . | . . . . . . Prevented . | . . . . . . Kills | -11 -10 -9 -9 -9 -8 ------- Run | Scr Mat Mat Min Exi Min Combat Hostiles Destroyed 5 | . . . 2 . 3 Guns 2 | . . . 2 . . AOE 3 | . . . . . 3 Classes Destroyed 2 | . . . 2 . . Swarmer 4 | . . . 1 . 3 Assembled 1 | . . . 1 . . Best Kill Streak 3 | . . . 1 . 3 Combat Bots Only 3 | . . . 1 . 3 Max Kills in Single Turn 2 | . . . 1 . 2 Gunslinging . | . . . . . . Exploded 2 | . . . . . 2 Melee . | . . . . . . Uniques/NPCs Destroyed . | . . . . . . Combat | -11 -10 -9 -9 -9 -8 -------- Run | Scr Mat Mat Min Exi Min Damage Taken 761 | . . 269 318 . 174 Core 428 | . . 108 185 . 135 Absorbed by Shields . | . . . . . . Core Remaining (%) 100 | 100 100 . . . . Volleys Fired 9 | . . . 6 . 3 Largest 2 | . . . 2 . 1 Hottest 40 | . . . 40 . 36 Shots Fired 15 | . . . 12 . 3 Gun 12 | . . . 12 . . Cannon . | . . . . . . Launcher 3 | . . . . . 3 Special . | . . . . . . Kinetic 12 | . . . 12 . . Thermal . | . . . . . . Explosive 3 | . . . . . 3 Electromagnetic . | . . . . . . Robot Hit Streak 3 | . . . 2 . 3 Robot Miss Streak 6 | . . . 6 . . Penetration Max . | . . . . . . Secondary Targets . | . . . . . . Shots Hit Robots 4 | . . . 3 . 1 Core Hits 10 | . . . 7 . 3 Critical Hits . | . . . . . . Critical Kills . | . . . . . . Critical Parts Destroyed . | . . . . . . Melee Attacks . | . . . . . . Impact . | . . . . . . Slashing . | . . . . . . Piercing . | . . . . . . Sneak Attacks . | . . . . . . Combat Hostiles . | . . . . . . Follow-up Attacks . | . . . . . . Damage Inflicted 383 | . . . 69 . 314 Guns 51 | . . . 51 . . Cannons . | . . . . . . Explosions 314 | . . . . . 314 Melee . | . . . . . . Ramming 18 | . . . 18 . . Kinetic 51 | . . . 51 . . Thermal . | . . . . . . Explosive 314 | . . . . . 314 Electromagnetic . | . . . . . . Impact . | . . . . . . Slashing . | . . . . . . Piercing . | . . . . . . Highest Corruption 5 | . . . 5 5 5 Average Corruption 5 | . . . 5 5 5 Corruption Purged . | . . . . . . Effects 9 | . . . 2 1 6 Message Errors 2 | . . . . 1 1 Heat Flow Errors 2 | . . . 1 . 1 Energy Discharges 2 | . . . . . 2 Data Loss (minor) 2 | . . . . . 2 Data Loss (major) 1 | . . . 1 . . Overload Shots . | . . . . . . Overflow Damage 27 | . . . . . 27 Projectiles . | . . . . . . Explosions 27 | . . . . . 27 Melee . | . . . . . . Knockbacks . | . . . . . . Impact . | . . . . . . Kinetic . | . . . . . . Secondary . | . . . . . . Self-Inflicted Damage 11 | . . . 9 . 2 Shots 1 | . . . . . 1 Rammed 5 | . . . 5 . . Targets Rammed 5 | . . . 5 . . Kicked . | . . . . . . Crushed . | . . . . . . Highest Temperature 201 | . . . 201 . 150 Average Temperature 93 | . . . 103 . 80 Received Heat Transfer 114 | . . 102 . . 12 Siege Activations . | . . . . . . Robots Corrupted . | . . . . . . Combat Hostiles . | . . . . . . Parts Fried . | . . . . . . Impact Corruptions . | . . . . . . Robots Melted . | . . . . . . Combat Hostiles . | . . . . . . Parts Melted . | . . . . . . Heat Transferred . | . . . . . . Parts Sabotaged . | . . . . . . Parts Stolen . | . . . . . . Parts Stripped . | . . . . . . Power Chain Reactions . | . . . . . . Missiles Intercepted . | . . . . . . Alert | -11 -10 -9 -9 -9 -8 ------- Run | Scr Mat Mat Min Exi Min Peak Influence 117 | . . 87 45 . 117 Average Influence 31 | . . 31 35 . 35 Maximum Alert Level . | . . . . . . Low Security (%) 100 | . . . . . . Level 1 . | . . . . . . Level 2 . | . . . . . . Level 3 . | . . . . . . Level 4 . | . . . . . . Level 5 . | . . . . . . High Security . | . . . . . . Max Security . | . . . . . . Squads Dispatched . | . . . . . . Investigation . | . . . . . . Extermination . | . . . . . . Reinforcement . | . . . . . . Assault . | . . . . . . Garrison . | . . . . . . Intercept . | . . . . . . Construction Impeded . | . . . . . . Haulers Reinforced . | . . . . . . Stealth | -11 -10 -9 -9 -9 -8 --------- Run | Scr Mat Mat Min Exi Min Distress Signals . | . . . . . . Communications Jammed . | . . . . . . Distress Signals . | . . . . . . Times Spotted 36 | . 1 11 20 . 4 Peak Tracking Total 14 | . 1 10 14 . 4 Tactical Retreats 4 | . . . 4 . . Traps | -11 -10 -9 -9 -9 -8 ------- Run | Scr Mat Mat Min Exi Min Traps Triggered . | . . . . . . Indirectly . | . . . . . . Trap Hack Attempts . | . . . . . . Triggered . | . . . . . . Disarmed . | . . . . . . Reprogrammed . | . . . . . . Reused . | . . . . . . Traps Extracted . | . . . . . . Installed . | . . . . . . Triggered . | . . . . . . Machines | -11 -10 -9 -9 -9 -8 ---------- Run | Scr Mat Mat Min Exi Min Machines Disabled . | . . . . . . Max in Single Turn . | . . . . . . Machines Sabotaged . | . . . . . . Garrisons Compromised . | . . . . . . Overloaded Fab Kills . | . . . . . . Fab Network Shutdowns . | . . . . . . Hacking | -11 -10 -9 -9 -9 -8 --------- Run | Scr Mat Mat Min Exi Min Machines Accessed 3 | . . 2 . 1 . Terminals 2 | . . 2 . . . Fabricators . | . . . . . . Repair Stations . | . . . . . . Recycling Units . | . . . . . . Scanalyzers . | . . . . . . Garrison Access . | . . . . . . Total Hacks 27 | . . 4 . 23 . Successful 26 | . . 3 . 23 . Failed 1 | . . 1 . . . Catastrophic . | . . . . . . Database Lockouts . | . . . . . . Manual 1 | . . 1 . . . Terminals 4 | . . 4 . . . Fabricators . | . . . . . . Repair Stations . | . . . . . . Recycling Units . | . . . . . . Scanalyzers . | . . . . . . Garrison Access . | . . . . . . Terminal Hacks 26 | . . 3 . 23 . Record 23 | . . . . 23 . Branch Access Points 1 | . . 1 . . . Locate Traps 1 | . . 1 . . . Zone Layout 1 | . . 1 . . . Fabricator Hacks . | . . . . . . Repair Station Hacks . | . . . . . . Recycling Unit Hacks . | . . . . . . Scanalyzer . | . . . . . . Garrison Access Hacks . | . . . . . . Unauthorized Hacks . | . . . . . . Terminals . | . . . . . . Fabricators . | . . . . . . Repair Stations . | . . . . . . Recycling Units . | . . . . . . Scanalyzers . | . . . . . . Garrison Access . | . . . . . . Data Cores Recovered . | . . . . . . Used . | . . . . . . Hacking Detections 1 | . . 1 . . . Full Trace Events . | . . . . . . Feedback Events . | . . . . . . Feedback Blocked . | . . . . . . Robot Schematics Acquired . | . . . . . . Robots Built . | . . . . . . Matter . | . . . . . . Time . | . . . . . . Total Robot Build Rating . | . . . . . . Part Schematics Acquired . | . . . . . . Parts Built . | . . . . . . Matter . | . . . . . . Time . | . . . . . . Total Part Build Rating . | . . . . . . Parts Repaired . | . . . . . . Time . | . . . . . . Parts Recycled . | . . . . . . Recycled Matter . | . . . . . . Retrieved Matter . | . . . . . . Retrieved Components . | . . . . . . Parts Scanalyzed . | . . . . . . Part Schematics Acquired . | . . . . . . Parts Damaged . | . . . . . . Bothacking | -11 -10 -9 -9 -9 -8 ------------ Run | Scr Mat Mat Min Exi Min Used RIF Installer . | . . . . . . Robots Hacked . | . . . . . . Non-combat . | . . . . . . Combat . | . . . . . . Robot Hacks Applied . | . . . . . . Relay Couplers Released . | . . . . . . Robots Rewired . | . . . . . . Allies Hacked . | . . . . . . Hacks Repelled . | . . . . . . Allies | -11 -10 -9 -9 -9 -8 -------- Run | Scr Mat Mat Min Exi Min Total Allies . | . . . . . . Largest Group . | . . . . . . Highest-Rated Group . | . . . . . . Highest-Rated Ally . | . . . . . . Total Orders . | . . . . . . Ally Attacks . | . . . . . . Total Damage . | . . . . . . Kills . | . . . . . . Allies Corrupted . | . . . . . . Allies Melted . | . . . . . . Intel | -11 -10 -9 -9 -9 -8 ------- Run | Scr Mat Mat Min Exi Min Robot Analysis Total . | . . . . . . Derelict Logs Recovered 1 | . . . 1 . . Drone Launches . | . . . . . . Drone Recoveries . | . . . . . . Exploration | -11 -10 -9 -9 -9 -8 ------------- Run | Scr Mat Mat Min Exi Min Turns Passed 441 | 17 22 78 89 66 169 Spaces Moved 753 | 26 40 143 129 131 284 Core 753 | 26 40 143 129 131 284 Treads . | . . . . . . Legs . | . . . . . . Wheels . | . . . . . . Hover . | . . . . . . Flight . | . . . . . . Fastest Speed 50 | 50 50 50 50 50 50 Average Speed 50 | 50 50 50 50 50 50 Slowest Speed 100 | 50 50 50 50 50 100 Overloaded Moves . | . . . . . . Propulsion Burnouts . | . . . . . . Robots Hopped . | . . . . . . Cave-ins Triggered . | . . . . . . Exploration Rate (%) 35 | 3 18 24 40 49 76 Regions Visited 5 Branch Regions 3 Pre-discovered Areas 2 | . . . 1 1 . Known Exits Taken 1 | . . 1 . . . Unknown Exits Taken 4 | 1 1 . 1 1 . Scrap Searched 1 | . . . 1 . . Spaces Dug 19 | . . . . . 19 Terrain Destroyed 44 | . . . . . 44 Melee . | . . . . . . Projectile . | . . . . . . AOE 44 | . . . . . 44 Actions | -11 -10 -9 -9 -9 -8 --------- Run | Scr Mat Mat Min Exi Min Total 797 | 28 41 148 143 130 307 Wait 22 | . . 3 4 . 15 Move 748 | 25 39 142 128 130 284 Hop . | . . . . . . Pick Up 5 | 1 2 1 . . 1 Fast Attach 3 | 2 . . . . 1 Attach 4 | . . 2 . . 2 Detach 1 | . . . . . 1 Swap . | . . . . . . Drop . | . . . . . . Fire 9 | . . . 6 . 3 Melee . | . . . . . . Ram 5 | . . . 5 . . Kick . | . . . . . . Crush . | . . . . . . Escape Stasis . | . . . . . . Rewire . | . . . . . . Trap . | . . . . . . Miscellaneous . | . . . . . . Route ------- -11/Scrapyard -10/Materials -9/Materials (discovered 3 exits: *Min / Sto x2) -9/Mines -9/Exiles -8/Mines History --------- Turn | Location | Event 9 | -11/Scrapyard | Discovered new exit (range 16) 18 | -11/Scrapyard | Entered Materials 32 | -10/Materials | Discovered new exit (range 9) 40 | -10/Materials | Entered another Materials area 40 | -9/Materials | Evolved 2 slots: Utility x2 98 | -9/Materials | Identified exit to Mines 98 | -9/Materials | Identified exit to Storage 118 | -9/Materials | Entered Mines 119 | -9/Mines | Assembled infested the area 133 | -9/Mines | Learned location of Zion (-7) 185 | -9/Mines | Core integrity fell below 50% 205 | -9/Mines | Deemed a non-threat by the Exiles lab entrance 205 | -9/Mines | Discovered new exit (range 5) 207 | -9/Mines | Entered Exiles 221 | -9/Exiles | Met 8R-AWN 229 | -9/Exiles | Met EX-HEX 242 | -9/Exiles | Met EX-BIN 255 | -9/Exiles | Met EX-DEC 268 | -9/Exiles | Discovered new exit (range 12) 273 | -9/Exiles | Entered Mines 324 | -8/Mines | Build established: Mutant 362 | -8/Mines | Core integrity fell below 20% 442 | -8/Mines | Destroyed by H-55 Commando via exploding Plasma Injector Last Messages --------------- 00387_ Destroyed Flight Unit. 00387_ S-10 Pest destroyed. 00387_ K-01 Serf collects debris. 00390_ S-10 Pest destroyed. 00392_ K-01 Serf collects debris. 00393_ System corrupted: Energy discharge (-37). 00397_ K-01 Serf collects debris. 00397_ Acquired 5 matter. 00398_ Acquired 29 matter. 00400_ U-05 Engineer builds a Wall. 00402_ The unstable cave ceiling collapses. 00415_ U-05 Engineer builds a Wall. 00416_ U-05 Engineer lays Concrete. 00418_ U-05 Engineer builds a Wall. 00420_ #NQSXHSNVQR>#LXVASUN4|B= 00442_ Plasma Injector explodes. 00442_ Missile Launcher destroyed. 00442_ Targeting Computer destroyed. Map ----- +----------------------------------------------------+ | ##???????????????????????????? | | ##??????????????????????????? | | #??????????????????????????? | | #??????????????????????????? | | # #??????????????????????????? | | # ##????????##????????????????? | | # #????????? #####???????????? | | # ##???????? #???????????? | | # ##??????? #??????????? | | # ##?????? ??????????? | | ## ##????? ???????????? | | ?## #?????# ????????????? | | ??# #????## ?????????????? | | ?## ##????# #??????????????? | | ## #?????# #???????????????? | | ##???## #???????????????? | | ##### ##??????????????? | | #??????????????? | | #??????????????? | | #??????????????? | | #??????????????? | | #??????????????? | | #?############?? | | # #?# #?? | | ## ## #?# #?? | | ?## #### ##?# @ #?? | | ??### ##??### ##?# h #?? | | ????####???# # ##### #?? | | ???????????# # #?## ## #?? | | ???????????# #### ## #?? | | ??????????## ########?? | | ??????????# ######????????? | | ??????????# ## #?????????????? | | ????????### #######?????????????? | | ????????# #???????????????????? | | ????????# ##???????????????????? | | ?????#### #????????????????????? | | ?????# #????????????????????? | | ?????# # ###????????????????????? | | ?????# # #??????????????????????? | | ?????# # #??????????????????????? | | ?????# # #??????????????????????? | | ????## # #??????????????????????? | | ????# #??????????????????????? | | ????# #??????????????????????? | | ???## ##??????????????????????? | | ??## #???????????????????????? | | ### ##???????????????????????? | | # ##????????????????????????? | | # #?????????????????????????? | +----------------------------------------------------+ Best States ------------- Heat Dissipation 28 Energy Generation 5 Energy Capacity 100 Matter Stores 300 Matter Capacity 300 Sight Range 16 Terrain Scan Density 10 Evasion (%) 50 Targeting Accuracy 5 Item Schematics ----------------- None Robot Schematics ------------------ None Fabricated ------------ Nothing Alien Tech Used ----------------- None Achievements -------------- None Challenges ------------ None Game ------ Seed SubatomicMissileMediator Manual? 0 Play Time 00:09:44 Cumulative 142.4 hours Start 2019.10.19 @ 22:37:16 End 2019.10.19 @ 22:45:31 Sessions 1 Manual Loads 0 Difficulty Rogue Special Mode None Game No. 86 Rogue 86 Adventurer 0 Explorer 0 Win Type - Total 5 Types 4/0/0/1/0/0/0 Lore% 59 Gallery% 74 Achievement% 55 Wizard Run 0 Options --------- ASCII 0 Keyboard 0 Movement Mouse Keybinds 0 Fullscreen 1 Font 18/X11 Map View 76x50 Tactical HUD 1 Map Filters NONE Filters NONE Steam 1 RUN: 9ac84d2c-5c90-477f-888f-62017b11683e